 Dungeon Crawl Stone Soup version 0.23.2-1-ga50397a (webtiles) character file.

Game seed: 2745320870242471653

247 mopl the Ruffian (level 5, -5/40 HPs)
             Began as a Minotaur Transmuter on May 11, 2019.
             Shot with an arrow by a centaur (10 damage)
             ... on level 4 of the Dungeon.
             The game lasted 00:04:52 (3910 turns).

mopl the Ruffian (Minotaur Transmuter)              Turns: 3910, Time: 00:04:53

Health: -5/40      AC:  3    Str: 15    XL:     5   Next: 85%
Magic:  7/7        EV: 12    Int: 11    God:
Gold:   167        SH:  0    Dex: 10    Spells: 2/8 levels left

rFire    . . .     SeeInvis .     - Unarmed
rCold    . . .     Gourm    .   (no shield)
rNeg     . . .     Faith    .   A - +0 robe
rPois    +         Spirit   .   (helmet restricted)
rElec    .         Reflect  .   t - +0 cloak
rCorr    .         Harm     .   (no gloves)
MR       .....                  (no boots)
Stlth    +.........             (no amulet)
HPRegen  0.13/turn              v - ring of poison resistance
MPRegen  0.10/turn              (no ring)

@: lethally poisoned (-5 -> -6)
A: retaliatory headbutt, horns 2
a: no special abilities


You were on level 4 of the Dungeon.
You were not hungry.

You visited 1 branch of the dungeon, and saw 4 of its levels.
You also visited: Sewer.

You collected 167 gold pieces.

Inventory:

Hand Weapons
 b - a +0 hunting sling
Missiles
 a - 37 arrows
 h - 91 stones (quivered)
 j - 14 sling bullets
 r - 2 tomahawks
 y - 8 poisoned needles
Armour
 t - a +0 cloak (worn)
 A - a +0 robe (worn)
Jewellery
 l - an uncursed ring of ice
 v - a ring of poison resistance (left hand)
Scrolls
 c - 2 scrolls of teleportation {unknown}
 f - a scroll of fog {unknown}
 g - 2 scrolls of remove curse
 i - a scroll of magic mapping {unknown}
 m - 3 scrolls of identify {unknown}
 n - a scroll of enchant armour {unknown}
 p - a scroll of fear {unknown}
 w - a scroll of amnesia {unknown}
Potions
 e - 3 potions of degeneration {unknown}
 k - 2 potions of mutation {unknown}
 o - 6 potions of curing {unknown}
 q - 3 potions of lignification {unknown}
 s - 2 potions of heal wounds {unknown}
 u - 2 potions of flight {unknown}
 x - a potion of magic {unknown}
Comestibles
 d - 7 rations
 z - 2 chunks of flesh


   Skills:
 - Level 1.2 Fighting
 - Level 2.1 Dodging
 + Level 5.2 Unarmed Combat
 - Level 2.0 Spellcasting
 + Level 3.4 Transmutations
 - Level 1.0 Poison Magic


You had 2 spell levels left.
You knew the following spells:

 Your Spells              Type           Power        Failure   Level  Hunger
a - Beastly Appendage     Tmut           #.....       8%          1    ##.....
b - Spider Form           Tmut/Pois      #.........   34%         3    ####...
w - Sticks to Snakes      Tmut           #.......     11%         2    ###....

Your spell library contained the following spells:

 Spells                   Type           Power        Failure   Level  Hunger
 Ice Form                 Ice/Tmut       #.......     82%         4    #####..
 Blade Hands              Tmut           #.........   90%         5    ######.


Dungeon Overview and Level Annotations

Branches:
Dungeon (4/15)
 Temple: D:4-7

Altars:
Ashenzari
Dithmenos
Nemelex Xobeh


Innate Abilities, Weirdness & Mutations

You reflexively headbutt those who attack you in melee.
You have a pair of horns on your head.


Message History

A centaur comes into view.
The centaur shouts!
An iguana comes into view.
There are monsters nearby!
There are monsters nearby!
The centaur wields a +0 shortbow.
The centaur shoots an arrow.
The arrow hits you!
You see here an arrow.
You feel sick.
The iguana hisses angrily.
The centaur shoots an arrow.
The arrow hits you!
* * * LOW HITPOINT WARNING * * *
The centaur shoots an arrow.
The arrow barely misses you.
You see here an arrow.
The centaur shoots an arrow.
The arrow hits you.
* * * LOW HITPOINT WARNING * * *
There is a stone staircase leading up here.
You see here an arrow.
The centaur shoots an arrow.
The arrow hits you!
You die...

.# ##. ..####..
......#... ##
.....#....# ##..#
.....##...###.....
..........#...#
.....l....@.#####.
..................
.........(........
........(..†......
..................
...)...$.....<....
............###...
...c#..........##.
##.....#####.#.


You could see a centaur and an iguana.

Vanquished Creatures
  A big kobold (Sewer)
  6 adders
  2 river rats (Sewer)
  An ooze (D:2)
  An adder skeleton (D:4)
  A worm (D:2)
  6 dart slugs
  3 leopard geckos
  2 giant cockroaches
  7 goblins
  6 hobgoblins
  10 jackals
  3 quokkas (D:2)
  5 bats
  5 frilled lizards
  16 kobolds
  10 rats
85 creatures vanquished.

Notes
Turn   | Place    | Note
-------+----------+-------------------------------------------
     0 | D:1      | mopl the Minotaur Transmuter began the quest for the Orb.
     0 | D:1      | Reached XP level 1. HP: 16/16 MP: 1/1
    11 | D:1      | Found a shattered altar of Ashenzari.
   158 | D:1      | Reached XP level 2. HP: 23/23 MP: 1/3
   167 | D:1      | Learned a level 2 spell: Sticks to Snakes
   447 | D:1      | Reached skill level 2 in Transmutations
  1174 | D:1      | Became a worshipper of Ashenzari the Shackled
  1296 | D:1      | Fell from the grace of Ashenzari
  1299 | D:1      | Reached XP level 3. HP: 27/28 MP: 4/4
  1545 | D:2      | Found a shadowy altar of Dithmenos.
  1939 | D:2      | Reached skill level 4 in Unarmed Combat
  1939 | D:2      | Reached skill level 2 in Spellcasting
  2174 | D:2      | Learned a level 3 spell: Spider Form
  2224 | D:2      | Found a sparkling altar of Nemelex Xobeh.
  2505 | D:2      | Reached XP level 4. HP: 16/35 MP: 4/6
  2513 | D:2      | Was forgiven by Ashenzari
  3054 | D:3      | Reached skill level 1 in Poison Magic
  3127 | D:3      | Found a glowing drain.
  3150 | Sewer    | Entered a sewer
  3157 | Sewer    | Reached XP level 5. HP: 33/40 MP: 3/7
  3317 | Sewer    | Reached skill level 5 in Unarmed Combat
  3317 | Sewer    | Reached skill level 3 in Transmutations
  3393 | Sewer    | Found a glowing silver altar of Zin.
  3905 | D:4      | Noticed a centaur
  3910 | D:4      | Shot with an arrow by a centaur

Skill      XL: |  1  2  3  4  5 |
---------------+----------------+-----
Transmutations | 2 3 |  3.4
Unarmed Combat | 4 5 |  5.2
Spellcasting   | 2 |  2.0
Poison Magic   | 1 |  1.0
Fighting       | |  1.2
Dodging        | |  2.1

Action                   |  1- 3 |  4- 6 || total
-------------------------+-------+-------++-------
Melee: Unarmed           |   130 |   132 ||   262
       Headbutt          |    15 |     7 ||    22
       Kick              |       |     3 ||     3
       Punch             |       |     2 ||     2
 Cast: Beastly Appendage |     3 |     4 ||     7
       Spider Form       |       |     2 ||     2
Invok: Renounce Religion |     1 |       ||     1
 Stab: Sleeping          |     1 |       ||     1
  Eat: Chunk             |     5 |     5 ||    10
Armor: Robe              |    27 |    26 ||    53
       Skin              |       |     1 ||     1
Dodge: Dodged            |    81 |    70 ||   151
